 Dungeon Crawl Stone Soup version 0.29-a0-352-g0917bc69df (webtiles) character file.

Game seed: 4797758499649523825

284 Lekart the Slasher (level 6, -2/53 HPs)
             Began as a Draconian Chaos Knight on Apr 24, 2022.
             Was a Plaything of Xom.
             Killed from afar by Ijyb (10 damage)
             ... with a bolt of acid
             ... on level 3 of the Dungeon.
             The game lasted 00:02:58 (2228 turns).

Lekart the Slasher (Draconian Chaos Knight)         Turns: 2228, Time: 00:02:58

Health: -2/53      AC:  2    Str: 14    XL:     6   Next: 7%
Magic:  6/6        EV: 12    Int: 13    God:    Xom [*.....]
Gold:   134        SH:  0    Dex:  7    Spells: 5/5 levels left

rFire   + + +      SeeInvis .   e - +7 great sword "Murmur" {elec, Fragile rF+++ rN++ Dex-5}
rCold   . . .      Faith    .   (shield currently unavailable)
rNeg    + + .      Spirit   .   (body armour unavailable)
rPois   .          Reflect  .   (helmet restricted)
rElec   .          Harm     .   (no cloak)
rCorr   .          Rampage  .   (no gloves)
Will    .....                   (no boots)
Stlth   +.........              (no amulet)
HPRegen 0.17/turn               (no ring)
MPRegen 0.10/turn               (no ring)

@: corroded
A: AC +6, unfitting armour, cold-blooded, deterioration 1, screaming 1, subdued
magic 1
a: Renounce Religion


You were on level 3 of the Dungeon.
You worshipped Xom.
You were a special plaything of Xom.
You visited 1 branch of the dungeon, and saw 3 of its levels.

You collected 134 gold pieces.

Inventory:

Hand Weapons
 a - a +0 falchion of chaos
 e - the +7 great sword "Murmur" (weapon) {elec, Fragile rF+++ rN++ Dex-5}
   (You acquired it on level 2 of the Dungeon)

   It occasionally discharges a powerful burst of electricity upon striking a
   foe.
   Dex:       It affects your dexterity (-5).
   rF:        It renders you almost immune to fire.
   rN:        It greatly protects you from negative energy.
   Fragile:   It will be destroyed if unequipped.
Jewellery
 j - an amulet of faith
Scrolls
 f - a scroll of brand weapon {unknown}
 g - 2 scrolls of identify {unknown}
 h - a scroll of fog {unknown}
 i - a scroll of summoning {unknown}
 n - a scroll of immolation {unknown}
 o - a scroll of blinking {unknown}
 p - 2 scrolls of enchant armour {unknown}
Potions
 c - a potion of magic {unknown}
 k - 2 potions of mutation {unknown}
 l - 2 potions of heal wounds {unknown}
 m - 2 potions of brilliance {unknown}
Miscellaneous
 b - a piece from Xom's chessboard (15/15) (quivered)


   Skills:
 + Level 4.6 Fighting
 + Level 5.3 Long Blades
 + Level 3.4 Dodging


You had 5 spell levels left.
You didn't know any spells.
Your spell library contained the following spells:

 Spells                   Type           Power      Damage    Failure   Level
 Animate Skeleton         Necr           0%         N/A       26%         1
 Apportation              Tloc           0%         N/A       26%         1
 Summon Small Mammal      Summ           0%         N/A       26%         1


Dungeon Overview and Level Annotations

Branches:
Dungeon (3/15)

Altars:
Cheibriados

Annotations:
D:3 Ijyb


Innate Abilities, Weirdness & Mutations

Your plain brown scales are hard. (AC +6)
You cannot fit into any form of body armour.
You are cold-blooded and may be slowed by cold attacks.
Your body sometimes deteriorates upon taking damage.
You occasionally shout uncontrollably at your foes.
Your spells are a little easier to cast, but a little less powerful.


Message History

Your shadow imp hits Ijyb but does no damage.
Ijyb hits your shadow imp with a +0 club.
Something misses your crimson imp.
Sigmund hits your iron imp but does no damage.
You slice Sigmund!!
You kill Sigmund!
Your crimson imp misses Ijyb.
Your shadow imp hits Ijyb but does no damage.
Something misses your crimson imp.
Your shadow imp barely misses Ijyb.
Ijyb zaps a wand.
The bolt of acid hits your iron imp!!! The acid corrodes your iron imp!
Your iron imp dies!
Your iron imp disappears in a puff of smoke!
The bolt of acid hits you!!
Ouch! That really hurt!
* * * LOW HITPOINT WARNING * * *
The acid corrodes you!
Your Long Blades skill increases to level 5!
Your Dodging skill increases to level 3!
You have reached level 5!
You have reached level 6!
Your scales feel tougher.
Your crimson imp hits Ijyb but does no damage.
Your shadow imp hits Ijyb but does no damage.
Your shadow imp hits Ijyb.
The rat twitches its whiskers.
The rat closely misses your crimson imp.
Ijyb misses you.
Things that are here:
a +1 vorpal scythe; a +0 robe You hit Ijyb.
You tail-slap Ijyb, but do no damage.
Ijyb is moderately wounded.
Your crimson imp hits Ijyb but does no damage.
Your shadow imp hits Ijyb.
The rat bites your crimson imp. Ijyb closely misses you.
Your shadow imp closely misses Ijyb.
Your crimson imp barely misses Ijyb.
Your shadow imp barely misses Ijyb.
The rat closely misses your crimson imp.
Your shadow imp barely misses Ijyb.
Ijyb zaps a wand.
The bolt of acid hits you!
You die...

.#.# #.#.#+ #....
#...### ### ## ### #
+...#8###8###⌠###8###
#....................
#...5./..............
#..g@................
#.55#8###8##...##8###
#..r### ####...### #
#... #8...8# # .....
##...## # ......
#...# # .......
##.[.## # .......
#8...8# # ##...### #


You could see Ijyb (ally target), a rat, a friendly crimson imp (summoned) and 2
friendly shadow imps.

Vanquished Creatures
  Sigmund (D:3)
  Jessica (D:2)
  Natasha (D:2)
  Robin (D:2)
  An adder (D:2)
  A shadow imp (D:3)
  A dart slug (D:2)
  A ball python (D:2)
  2 endoplasms (D:2)
  2 giant cockroaches (D:1)
  11 goblins
  4 hobgoblins
  3 kobolds
  2 quokkas
  A bat (D:1)
  A frilled lizard (D:2)
  4 rats
38 creatures vanquished.

Vanquished Creatures (others)
  A fungus (D:2)
  2 plants (D:2)
3 creatures vanquished.

Grand Total: 41 creatures vanquished

Notes
Turn   | Place    | Note
-------+----------+-------------------------------------------
     0 | D:1      | Lekart the Draconian Chaos Knight began the quest for the
                  | Orb.
     0 | D:1      | Reached XP level 1. HP: 19/19 MP: 1/1
     4 | D:1      | Noticed a merfolk zombie
     4 | D:1      | Noticed a minotaur zombie
     6 | D:1      | Noticed a demonspawn zombie
     9 | D:1      | Noticed a gargoyle
    11 | D:1      | Noticed a vampire
    17 | D:1      | Noticed a demonspawn
    19 | D:1      | Noticed a tengu
   381 | D:1      | XOM: noise
   390 | D:1      | XOM: noise
   568 | D:1      | Reached XP level 2. HP: 26/26 MP: 2/2
   829 | D:2      | Noticed Jessica
   833 | D:2      | XOM: smoke on damage
   837 | D:2      | Killed Jessica
   838 | D:2      | Reached XP level 3. HP: 19/33 MP: 3/3
  1043 | D:2      | Noticed Robin
  1061 | D:2      | Killed Robin
  1068 | D:2      | XOM: divination: detect items
  1072 | D:2      | XOM: divination: detect items
  1207 | D:1      | XOM: divination: detect creatures
  1278 | D:1      | XOM: noise
  1509 | D:2      | Found a snail-covered altar of Cheibriados.
  1609 | D:2      | Reached skill level 4 in Long Blades
  1609 | D:2      | Reached XP level 4. HP: 31/40 MP: 4/4
  1791 | D:2      | XOM: silly message
  1884 | D:2      | Found a faded altar of an unknown god.
  1952 | D:2      | Noticed Natasha
  1967 | D:2      | Killed Natasha
  2042 | D:2      | Identified a scroll of acquirement
  2042 | D:2      | Acquired the +7 great sword "Murmur" {elec, Fragile rF+++
                  | rN++ Dex-5}
  2079 | D:3      | XOM: noise
  2087 | D:3      | XOM: give mutations
  2087 | D:3      | Gained mutation: You occasionally shout uncontrollably at
                  | your foes. [Xom's mischief]
  2087 | D:3      | Gained mutation: Your body sometimes deteriorates upon
                  | taking damage. [Xom's mischief]
  2087 | D:3      | Gained mutation: Your spells are a little easier to cast,
                  | but a little less powerful. [Xom's mischief]
  2216 | D:3      | Noticed Sigmund
  2219 | D:3      | Noticed Ijyb
  2221 | D:3      | XOM: summons 4 friendly demons
  2226 | D:3      | Killed Sigmund
  2227 | D:3      | Reached skill level 5 in Long Blades
  2227 | D:3      | Reached XP level 5. HP: 7/47 MP: 5/5
  2227 | D:3      | Reached XP level 6. HP: 8/53 MP: 6/6
  2228 | D:3      | Killed from afar by Ijyb

Illustrated notes

Levels and vault maps discovered:
D:1:      shiori_arrival_whats_in_store_for_you, layout_basic,
          lemuel_old_faithful
D:2:      layout_basic, basic_altar, shapermc_ecumenical_altar_acropolis,
          uniq_jessica, uniq_natasha, uniq_robin
D:3:      layout_basic, serial_corexii_hall, corexii_hall_statues_t,
          corexii_hall_statues_x, uniq_sigmund, uniq_ijyb,
          uniq_crazy_yiuf_cottage

Skill      XL: |  1  2  3  4 |
---------------+-------------+-----
Fighting       | 4 |  4.6
Long Blades    | 4 5 |  5.3
Dodging        | 3 |  3.4

Action                   |  1- 3 |  4- 6 || total
-------------------------+-------+-------++-------
Melee: Falchion          |    90 |    26 ||   116
       Tailslap          |     5 |     3 ||     8
       Great sword       |       |    10 ||    10
       Punch             |       |     1 ||     1
  Use: Potion            |     3 |     1 ||     4
       Scroll            |       |     1 ||     1
 Stab: Sleeping          |       |     1 ||     1
Armor: Skin              |    48 |    16 ||    64
Dodge: Dodged            |    92 |    26 ||   118

Table legend: (Time is in decaauts)
 A = Elapsed time spent in this place.
 B = Non-inter-level travel time spent in this place.
 C = Inter-level travel time spent in this place.
 D = Time resting spent in this place.
 E = Time spent auto-exploring this place.
 F = Levels seen in this place.
 G = Mean time per level.
                   A        B        C        D        E       F      G
               +--------+--------+--------+--------+--------+-----+--------+
         Total |   2241 |   2212 |     29 |    228 |   1624 |   3 |  747.0 |
       Dungeon |   2241 |   2212 |     29 |    228 |   1624 |   3 |  747.0 |
               +--------+--------+--------+--------+--------+-----+--------+

Top non-repeatable levels by time:
     D:2: 1047 daAuts
     D:1: 1014 daAuts
     D:3: 180 daAuts
